 Dungeon Crawl Stone Soup version 0.26.1-2-gb8aa6d0cf2 (webtiles) character file.

Game seed: 13693612265590681932

6014 Gadfly the Warmonger (level 10, -13/98 HPs)
             Began as an Ogre Monk on Feb 13, 2021.
             Was an Elder of Okawaru.
             Mangled by a komodo dragon (24 damage)
             ... on level 10 of the Dungeon.
             The game lasted 00:17:34 (14140 turns).

Gadfly the Warmonger (Ogre Monk)                   Turns: 14140, Time: 00:17:35

Health: -13/98     AC: 11    Str: 26    XL:     10   Next: 86%
Magic:  15/15      EV: 11    Int: 13    God:    Okawaru [****..]
Gold:   486        SH:  0    Dex: 19    Spells: 9/9 levels left

rFire    . . .     SeeInvis .   b - +1 hand axe (venom)
rCold    . . .     Faith    .   (no shield)
rNeg     . . .     Spirit   .   v - +0 acid dragon scales
rPois    .         Reflect  .   (helmet restricted)
rElec    .         Harm     .   f - +0 cloak
rCorr    +         Rampage  .   (gloves unavailable)
Will     +....                  (boots unavailable)
Stlth    ++........             (no amulet)
HPRegen  0.26/turn              p - +6 ring of dexterity
MPRegen  0.14/turn              B - +6 ring of strength

@: no status effects
A: large, unfitting armour, talons 1, yellow scales 1, agile 1, clever 1, tough
skin 1
a: Renounce Religion, Heroism


You were on level 10 of the Dungeon.
You worshipped Okawaru.
Okawaru was greatly pleased with you.
You visited 1 branch of the dungeon, and saw 10 of its levels.
You also visited: Sewer.

You collected 486 gold pieces.

Inventory:

Hand Weapons
 a - a +0 flail
 b - a +1 hand axe of venom (weapon)
 o - a +2 war axe of freezing
 s - a +2 war axe of flaming
 E - a +1 long sword of electrocution
Missiles
 d - 14 large rocks
 n - 22 boomerangs (quivered)
Armour
 f - a +0 cloak (worn)
 v - +0 acid dragon scales (worn)
Jewellery
 g - an uncursed ring of ice
 p - a +6 ring of dexterity (left hand)
 t - an uncursed ring of resist corrosion
 B - a +6 ring of strength (right hand)
Wands
 k - a wand of disintegration (6)
 w - a wand of paralysis (9)
 x - a wand of flame (17)
 z - a wand of enslavement (7)
Scrolls
 c - 4 scrolls of remove curse
 q - a scroll of fog
 r - 6 scrolls of teleportation
 u - a scroll of blinking
 y - a scroll of holy word
 A - a scroll of fear
Potions
 e - a potion of heal wounds
 h - 2 potions of attraction
 i - 4 potions of curing
 j - a potion of mutation
 l - 2 potions of might
 m - a potion of cancellation
 C - a potion of lignification {unknown}
 D - a potion of haste


   Skills:
 + Level 6.1 Fighting
 * Level 6.5 Maces & Flails
 + Level 6.5 Throwing
 * Level 6.2 Armour
 - Level 2.6 Dodging
 - Level 1.4 Stealth
 + Level 7.2 Invocations
 * Level 6.1 Evocations


You had 9 spell levels left.
You didn't know any spells.
Your spell library contained the following spells:

 Spells                   Type           Power        Failure   Level
 Sandblast                Erth           0%           36%         1
 Passwall                 Tmut/Erth      0%           50%         2
 Stone Arrow              Conj/Erth      0%           73%         3
 Petrify                  Tmut/Erth      0%           98%         4
 Lee's Rapid Deconstruct  Erth           0%           100%        5


Dungeon Overview and Level Annotations

Branches:
Dungeon (10/15)            Temple (0/1) D:7           Sewer (visited)
   Lair: D:8-11         Orc: D:9-12

Altars:
Cheibriados
Fedhas
Gozag
Hepliaklqana
Kikubaaqudgha
Nemelex Xobeh
Okawaru
Ru
Sif Muna
Trog
Wu Jian
Xom

Annotations:
D:8 2 transporters, kaeus's ghost, novice GnVM


Innate Abilities, Weirdness & Mutations

You are too large for most types of armour.
You have tough skin. (AC +1)
You have sharp toenails.
You are partially covered in yellow scales. (AC +2)
You are agile. (Dex +2)
Your mind is acute. (Int +2)


Message History

You completely miss the komodo dragon.
You claw the komodo dragon, but do no damage.
The komodo dragon is heavily wounded.
The komodo dragon barely misses you.
You barely miss the komodo dragon.
You claw the komodo dragon, but do no damage.
The komodo dragon is heavily wounded.
The komodo dragon bites you.
You barely miss the komodo dragon.
You claw the komodo dragon, but do no damage.
The komodo dragon is severely wounded.
The komodo dragon bites you!! x2
* * * LOW HITPOINT WARNING * * *
You are too injured to fight recklessly!
You hit the komodo dragon but do no damage.
The komodo dragon looks as sick as possible!
You claw the komodo dragon!
The komodo dragon is almost dead.
The komodo dragon bites you!!
You die...

####### .K.#.≈≈ ....#.≈≈#
......≈≈# .....)≈≈#
......≈≈################
.......≈≈≈≈≈≈≈≈≈≈≈≈≈≈≈≈≈≈
.......≈≈≈≈≈≈≈≈≈≈≈≈≈≈≈≈≈≈
.......$l(.÷(........()..
.....##.@..##.....#.(#†.#
.....##....##.>#..#..#..#
.........).##..#..#..+..#
........)†)##..#..#..####
####
....##....##..#......
...# ####
#....##..#....... ##.#
...........#.#..... ##.#
.............#...... ...#
....##....##+##


You could see a komodo dragon (extremely poisoned).

Vanquished Creatures
  A two-headed ogre (D:9)
  A cyclops (D:7)
  Maggie (D:6)
  A centaur skeleton (D:6)
  A hornet (D:10)
  The ghost of kaeus the Sneak, an amateur OpFi (D:4)
  A wyvern (D:10)
  A hornet zombie (D:7)
  Duvessa (D:4)
  2 black bears
  5 orc warriors
  2 sky beasts (D:6)
  2 ogres
  2 centaurs (D:7)
  2 big kobolds
  3 bullfrogs
  A gnoll sergeant (D:10)
  Dowan (D:4)
  3 scorpions
  6 killer bees (D:7)
  2 electric eels (D:10)
  2 howler monkeys
  5 bullfrog zombies
  3 hounds
  A gnoll shaman (D:6)
  2 jellies
  3 orc priests
  2 bullfrog skeletons
  Jessica (D:2)
  4 iguanas
  11 orc wizards
  6 worker ants
  A hound zombie (D:5)
  4 hound skeletons
  11 gnolls
  9 adders
  2 howler monkey skeletons
  A river rat (D:4)
  A white imp (D:10)
  An ufetubus (D:9)
  An adder zombie (D:6)
  5 worms
  A dart slug (D:2)
  6 leopard geckos
  29 orcs
  2 ball pythons (Sewer)
  6 giant cockroaches
  7 goblins
  7 hobgoblins
  11 jackals
  3 quokkas
  7 bats
  7 frilled lizards
  31 kobolds
  A leopard gecko skeleton (D:8)
  A leopard gecko zombie (D:5)
  2 quokka skeletons
  7 rats
244 creatures vanquished.

Vanquished Creatures (others)
  A howler monkey (D:10)
  A gnoll (D:6)
  22 plants (Sewer)
24 creatures vanquished.

Grand Total: 268 creatures vanquished

Notes
Turn   | Place    | Note
-------+----------+-------------------------------------------
     0 | D:1      | Gadfly the Ogre Monk began the quest for the Orb.
     0 | D:1      | Reached XP level 1. HP: 24/24 MP: 1/1
   427 | D:1      | Reached XP level 2. HP: 32/32 MP: 2/2
   989 | D:1      | Reached skill level 1 in Invocations
  1365 | D:1      | Gained mutation: Your mind is acute. (Int +2) [potion of
                  | mutation]
  1365 | D:1      | Gained mutation: You have sharp toenails. [potion of
                  | mutation]
  1365 | D:1      | Gained mutation: You are agile. (Dex +2) [potion of
                  | mutation]
  1365 | D:1      | Gained mutation: You are partially covered in yellow
                  | scales. (AC +2) [potion of mutation]
  1423 | D:2      | Reached XP level 3. HP: 37/39 MP: 3/3
  1490 | D:2      | Reached skill level 1 in Throwing
  1495 | D:2      | Reached skill level 1 in Armour
  1853 | D:2      | Noticed Jessica
  1860 | D:2      | Killed Jessica
  1861 | D:2      | Reached skill level 1 in Evocations
  1861 | D:2      | Reached XP level 4. HP: 45/48 MP: 5/5
  2138 | D:3      | Reached skill level 2 in Invocations
  2208 | D:3      | Found an ancient bone altar of Kikubaaqudgha.
  2464 | D:3      | Reached XP level 5. HP: 54/54 MP: 6/6
  2855 | D:4      | Found a glowing drain.
  2859 | D:4      | Noticed Dowan
  2919 | Sewer    | Entered a sewer
  4197 | D:4      | Noticed Duvessa
  4249 | D:4      | Killed Duvessa
  4250 | D:4      | Reached XP level 6. HP: 8/62 MP: 6/8
  4694 | D:4      | Found an ornate altar of the Wu Jian Council.
  4796 | D:4      | Reached skill level 3 in Invocations
  5197 | D:4      | Found a shimmering altar of Xom.
  5206 | D:4      | Reached XP level 7. HP: 61/70 MP: 9/9
  5270 | D:4      | Killed Dowan
  5484 | D:4      | Found a runed translucent door.
  5488 | D:4      | Noticed kaeus's ghost (amateur OpFi)
  5539 | D:5      | Entered Level 5 of the Dungeon
  6320 | D:5      | Reached skill level 4 in Invocations
  6578 | D:5      | Found a bloodstained altar of Trog.
  6589 | D:5      | Found an iron altar of Okawaru.
  6589 | D:5      | Found an opulent altar of Gozag.
  6597 | D:5      | Became a worshipper of Warmaster Okawaru
  6597 | D:5      | Reached * piety under Okawaru
  6597 | D:5      | Reached ** piety under Okawaru
  6913 | D:6      | Found a hazy altar of Hepliaklqana.
  7089 | D:6      | Reached XP level 8. HP: 73/78 MP: 11/11
  7177 | D:6      | Noticed Maggie
  7199 | D:6      | Killed Maggie
  7464 | D:6      | Reached skill level 5 in Invocations
  7572 | D:6      | Reached *** piety under Okawaru
  7606 | D:6      | Found an ancient bone altar of Kikubaaqudgha.
  7621 | D:6      | Reached skill level 5 in Throwing
  7634 | D:6      | Reached XP level 9. HP: 84/84 MP: 13/13
  8178 | D:6      | Found a shimmering blue altar of Sif Muna.
  8266 | D:7      | Noticed a cyclops
  8293 | D:7      | Killed a cyclops
  8293 | D:7      | Received a gift from Okawaru
  8294 | D:7      | Reached skill level 6 in Invocations
  8952 | D:7      | Reached skill level 5 in Maces & Flails
  9043 | D:7      | Reached skill level 5 in Evocations
  9050 | D:7      | Reached skill level 5 in Armour
  9456 | D:7      | Reached **** piety under Okawaru
  9663 | D:7      | Found a blossoming altar of Fedhas.
  9670 | D:7      | Found a staircase to the Ecumenical Temple.
 10281 | D:8      | Reached skill level 5 in Fighting
 10286 | D:8      | Reached XP level 10. HP: 92/96 MP: 14/14
 10378 | D:8      | Found a sparkling altar of Nemelex Xobeh.
 10572 | D:8      | Found a transporter.
 10573 | D:8      | Noticed kaeus's ghost (novice GnVM)
 10883 | D:8      | Found a transporter.
 11338 | D:4      | Killed kaeus's ghost
 11708 | D:9      | Found a sacrificial altar of Ru.
 11777 | D:9      | Noticed a two-headed ogre
 11797 | D:9      | Killed a two-headed ogre
 12105 | D:9      | Found a snail-covered altar of Cheibriados.
 12471 | D:10     | Entered Level 10 of the Dungeon
 12853 | D:10     | Reached ***** piety under Okawaru
 12854 | D:10     | Reached skill level 7 in Invocations
 13125 | D:10     | Received a gift from Okawaru
 14140 | D:10     | Mangled by a komodo dragon

Illustrated notes

Levels and vault maps discovered:
D:1:      minmay_arrival_four_houses, layout_loops_cross
D:2:      layout_basic, minmay_fractal_squares_5, uniq_jessica
D:3:      layout_basic, grunt_temple_overflow_lords_of_destruction,
          general_overflow_altar
D:4:      layout_loops_corners, nzn_wu_jian_contemplation,
          overflow_temple_1_default, cheibrodos_sewer_entry_sluice,
          gammafunk_ghost_grave, nicolae_ossuary_entry_monument, uniq_duvessa
D:5:      layout_gridville, bloody_trog, gammafunk_temple_overflow_pools,
          minmay_misc_feat_more_columns
D:6:      layout_loops_ring, nzn_hepliaklqana_mist_gate, basic_altar,
          led_sif_pool, uniq_maggie
D:7:      layout_loops_ring, minmay_temple_entry_stoned_glass,
          fedhas_bush_and_centaur_altar
D:8:      layout_basic, nemelex_altar_shiori, gammafunk_ghost_stat_death
D:9:      layout_loops_ring, cheibriados_altar_1,
          nicolae_ru_great_annihilating_truth
D:10:     layout_stronghold, lair_entry_dummy, erik_orc_2

Skill      XL: |  1  2  3  4  5  6  7  8  9 10 |
---------------+-------------------------------+-----
Invocations    | 1 2 3 4 5 6 7 |  7.2
Throwing       | 1 2 3 5 6 |  6.5
Armour         | 1 2 3 4 5 6 |  6.2
Maces & Flails | 3 4 5 6 |  6.5
Evocations     | 1 2 3 4 5 6 |  6.1
Fighting       | 5 6 |  6.1
Dodging        | |  2.6
Stealth        | |  1.4

Action                   |  1- 3 |  4- 6 |  7- 9 | 10-12 || total
-------------------------+-------+-------+-------+-------++-------
Melee: Mace              |   109 |    26 |       |       ||   135
       Kick              |    12 |    46 |   133 |    98 ||   289
       War axe           |       |    17 |       |       ||    17
       Hand axe          |       |   114 |   303 |   207 ||   624
       Flail             |       |       |       |    11 ||    11
Throw: Stone             |     5 |     3 |       |       ||     8
       Boomerang         |       |       |     4 |    43 ||    47
Invok: Heroism           |       |       |       |     2 ||     2
Evoke: Wand              |       |       |     3 |     1 ||     4
  Use: Scroll            |     3 |     4 |     5 |     4 ||    16
       Potion            |     2 |     5 |     3 |     2 ||    12
 Stab: Sleeping          |     2 |     4 |     7 |     4 ||    17
       Distracted        |       |     1 |       |       ||     1
       Invisible         |       |       |       |     2 ||     2
       Paralysed         |       |       |       |     2 ||     2
Armor: Robe              |    38 |    35 |    38 |       ||   111
       Acid dragon scale |       |       |    81 |   123 ||   204
Dodge: Dodged            |    73 |    79 |   187 |   154 ||   493
